 Dungeon Crawl Stone Soup version 0.27.1-34-g3ba077fa99 (webtiles) character file.

Game seed: 3385435051363497454

249 alasdair19 the Covered (level 5, -4/47 HPs)
             Began as a Minotaur Fighter on Feb 5, 2022.
             Was an Initiate of Okawaru.
             Killed by divine providence
             ... invoked by an orc priest
              (12 damage)
             ... on level 4 of the Dungeon.
             The game lasted 00:05:17 (2982 turns).

alasdair19 the Covered (Minotaur Fighter)           Turns: 2982, Time: 00:05:18

Health: -4/47      AC:  9    Str: 20    XL:     5   Next: 87%
Magic:  4/4        EV:  5    Int:  6    God:    Okawaru [......]
Gold:   41         SH:  9    Dex: 10    Spells: 4/4 levels left

rFire    . . .     SeeInvis .   a - +0 long sword
rCold    . . .     Faith    .   c - +0 kite shield
rNeg     . . .     Spirit   .   n - +0 chain mail
rPois    .         Reflect  .   (helmet restricted)
rElec    .         Harm     .   (no cloak)
rCorr    .         Rampage  .   (no gloves)
Will     +....                  (no boots)
Stlth    ..........             (no amulet)
HPRegen  0.15/turn              g - ring of willpower
MPRegen  0.09/turn              (no ring)

@: mighty
A: horns 2, retaliatory headbutt
a: Renounce Religion


You were on level 4 of the Dungeon.
You worshipped Okawaru.
Okawaru was noncommittal.
You visited 2 branches of the dungeon, and saw 5 of its levels.

You collected 113 gold pieces.
You spent 72 gold pieces at shops.

Inventory:

Hand Weapons
 a - a +0 long sword (weapon)
Armour
 c - a +0 kite shield (worn)
 n - a +0 chain mail (worn)
Jewellery
 g - a ring of willpower (left hand)
Wands
 h - a wand of flame (12)
Scrolls
 b - a scroll of teleportation {unknown}
 f - a scroll of enchant armour
 j - a scroll of fog {unknown}
 l - a scroll of brand weapon {unknown}
 m - a scroll of identify
Potions
 e - a potion of berserk rage
 i - 2 potions of ambrosia
 k - a potion of resistance {unknown}


   Skills:
 + Level 4.4 Fighting
 + Level 4.3 Long Blades
 + Level 5.1 Armour
 - Level 0.2 Dodging
 + Level 4.8 Shields
 * Level 1.6 Evocations


You had 4 spell levels left.
You didn't know any spells.
Your spell library was empty.

Dungeon Overview and Level Annotations

Branches:
Dungeon (4/15)             Temple (1/1) D:4

Altars:
Ashenzari
Dithmenos
Fedhas
Gozag
Hepliaklqana
Kikubaaqudgha
Makhleb
Nemelex Xobeh
Okawaru
Qazlal
Ru
Sif Muna
Uskayaw
Vehumet
Yredelemnul

Shops:
D:3 *???


Innate Abilities, Weirdness & Mutations

You have a pair of horns on your head.
You reflexively headbutt those who attack you in melee.


Message History

The orc hits you with a +0 dagger.
The orc priest mumbles some strange prayers to Beogh against you.
Beogh smites you!
The orc wizard mumbles some strange words.
The orc wizard flickers and vanishes!
Deactivating autopickup; reactivate with Ctrl-A.
Your chain mail prevents you from hitting the orc.
An orc wizard comes into view. It is wielding a +0 dagger.
The orc hits you but does no damage.
The orc priest looks satisfied for a moment.
The orc hits you with a +0 dagger. You block the orc's attack.
The orc wizard moves out of view.
You hit the orc priest.
The orc priest is moderately wounded.
You block the orc's attack.
The orc priest hits you with a +0 hand axe.
The orc barely misses you. You block the orc's attack.
You slash the orc priest!
You kill the orc priest!
Okawaru accepts your kill. You block the orc's attack.
The orc hits you with a +0 war axe.
* * * LOW HITPOINT WARNING * * *
The orc hits you with a +0 hand axe.
* * * LOW HITPOINT WARNING * * *
The orc hits you with a +0 war axe.
* * * LOW HITPOINT WARNING * * *
You hit the orc priest. Your headbutt misses the orc priest.
The orc priest is lightly wounded.
You block the orc's attack.
The orc priest hits you but does no damage.
The orc hits you but does no damage. Something hits you.
* * * LOW HITPOINT WARNING * * *
The orc wizard casts a spell.
The orc wizard flickers and vanishes!
Something hits you but does no damage.
The orc priest casts a cantrip, but nothing happens.
There is a stone staircase leading up here.
You block the orc's attack.
The orc priest invokes the aid of Beogh against you.
Beogh smites you!
You die...

#..####..##
..#.##.
#........###.##.#
##.#...>..#..#
##...#.......#
##....##.##...#
#......#####..#
#.......###...#
#......#....#>#
##..@#.##.###.#
+##...o#.##.# ..
..##........# ...
##. #o###.####
... # ..
#o#..)..# ...#
.##.##. #.#.....#
.......##.#..)..#
......o.{.#.....#
#.#.....###.....#


You could see an orc priest and 2 orcs.

Vanquished Creatures
  A black bear (D:2)
  A bullfrog skeleton (D:3)
  An orc priest (D:4)
  A jelly (D:4)
  An adder (D:2)
  3 dart slugs (D:1)
  2 endoplasms
  2 giant cockroaches
  7 goblins
  9 hobgoblins
  4 jackals (D:3)
  8 kobolds
  2 quokkas
  5 ball pythons
  3 bats
  2 frilled lizards (D:1)
  5 rats
57 creatures vanquished.

Vanquished Creatures (others)
  3 plants (D:1)
3 creatures vanquished.

Grand Total: 60 creatures vanquished

Notes
Turn   | Place    | Note
-------+----------+-------------------------------------------
     0 | D:1      | alasdair19 the Minotaur Fighter began the quest for the
                  | Orb.
     0 | D:1      | Reached XP level 1. HP: 19/19 MP: 0/0
   200 | D:1      | Reached XP level 2. HP: 19/27 MP: 1/1
   531 | D:1      | Reached skill level 4 in Armour
   566 | D:1      | Reached XP level 3. HP: 28/33 MP: 2/2
  1333 | D:2      | Found a faded altar of an unknown god.
  1430 | D:2      | Noticed a black bear
  1437 | D:2      | Killed a black bear
  1438 | D:2      | Reached skill level 1 in Evocations
  1438 | D:2      | Reached XP level 4. HP: 24/41 MP: 3/3
  1438 | D:2      | Reached XP level 5. HP: 27/47 MP: 4/4
  2011 | D:3      | Found Kabodin's Magic Scroll Shop.
  2018 | D:3      | Bought a scroll of identify for 24 gold pieces
  2018 | D:3      | Bought a scroll of identify for 24 gold pieces
  2018 | D:3      | Bought a scroll of identify for 24 gold pieces
  2032 | D:3      | Found Imioguick's Magic Scroll Shoppe.
  2061 | D:3      | Found Fikhoxewk's Assorted Antiques.
  2114 | D:3      | Found a hide-covered altar of Uskayaw.
  2225 | D:3      | Found a shimmering blue altar of Sif Muna.
  2426 | D:3      | Found a sparkling altar of Nemelex Xobeh.
  2448 | D:3      | Found Bumaq's Magic Scroll Boutique.
  2856 | D:4      | Found a staircase to the Ecumenical Temple.
  2864 | Temple   | Entered the Ecumenical Temple
  2891 | Temple   | Became a worshipper of Warmaster Okawaru
  2941 | D:4      | Reached skill level 5 in Armour
  2982 | D:4      | Killed from afar by an orc priest

Illustrated notes

Levels and vault maps discovered:
D:1:      elethiomel_arrival_shortcut, layout_basic, kennysheep_pointless_box,
          chequers_big_river
D:2:      layout_loops_ring, chequers_ecumenical_altar_island,
          hangedman_feature_mirror
D:3:      layout_loops_ring, eat_drink_and_be_merry_uskayaw,
          mainiacjoe_overflow_six_doors_small, mainiacjoe_overflow_alcove_4,
          serial_shops, shop, shop, shop, shop, wad_woods_river_04
D:4:      layout_loops_cross, nicolae_wu_jian_immortal_techniques,
          minmay_temple_entry_wispy, kennysheep_potato
Temple:   chequers_temple_sunken

Skill      XL: |  1  2  3  4  5 |
---------------+----------------+-----
Shields        | 4 |  4.8
Fighting       | 4 |  4.4
Armour         | 4 5 |  5.1
Long Blades    | 3 4 |  4.3
Evocations     | 1 |  1.6
Dodging        | |  0.2

Action                   |  1- 3 |  4- 6 || total
-------------------------+-------+-------++-------
Melee: Long sword        |    78 |    59 ||   137
       Headbutt          |    10 |     9 ||    19
  Use: Scroll            |       |     4 ||     4
       Potion            |       |     1 ||     1
Armor: Scale mail        |    41 |    24 ||    65
       Chain mail        |       |     7 ||     7
Dodge: Dodged            |    31 |    18 ||    49
Block: Kite shield       |    44 |    39 ||    83
       Rpst.: Long sword |     8 |     2 ||    10
